 Dungeon Crawl Stone Soup version 0.25-a0-631-gc915619fb7 (webtiles) character file.

Game seed: 1957947335368025620, levelgen mode: deterministic

132 MisterFreud the Ducker (level 4, -2/22 HPs)
             Began as a Felid Skald on Mar 18, 2020.
             Was a Believer of Uskayaw.
             Killed from afar by Robin (10 damage)
             ... with a puff of flame
             ... on level 3 of the Dungeon.
             The game lasted 00:25:05 (6848 turns).

MisterFreud the Ducker (Felid Skald)                Turns: 6848, Time: 00:25:05

Health: -2/22      AC:  1    Str:  7    XL:     4   Next: 92%
Magic:  0/8        EV: 20    Int: 14    God:    Uskayaw [**....]
Gold:   150        SH:  0    Dex: 17    Spells: 4/7 levels left
                                        Lives:  0   Deaths: 1

rFire    . . .     SeeInvis +     - Unarmed
rCold    . . .     Gourm    .   (shield unavailable)
rNeg     . . .     Faith    .   (armour unavailable)
rPois    .         Spirit   .   (helmet unavailable)
rElec    .         Reflect  .   (cloak unavailable)
rCorr    .         Harm     .   (gloves unavailable)
MR       .....                  (boots unavailable)
Stlth    +++.......             (no amulet)
HPRegen  0.07/turn              (no ring)
MPRegen  0.11/turn              l - ring of flight

@: infused, very slightly contaminated, quick
A: very small, no armour, no weapons or thrown items, stealth, claws 1, fangs 3,
see invisible, carnivore, speed 1, shaggy fur 1, slow metabolism 1, sharp paws
a: Stomp, Line Pass, Renounce Religion, Evoke Flight


You were on level 3 of the Dungeon.
You worshipped Uskayaw.
Uskayaw was noncommittal.
You were not hungry.

You visited 2 branches of the dungeon, and saw 6 of its levels.

You collected 150 gold pieces.

Inventory:

Jewellery
 l - a ring of flight (right paw)
Wands
 a - a wand of digging (6)
 g - a wand of iceblast (5)
Scrolls
 e - 2 scrolls of remove curse
Potions
 c - a potion of lignification {unknown}
 d - a potion of curing
 h - a potion of might {unknown}
Comestibles
 b - 6 rations


   Skills:
 - Level 4.0 Fighting
 + Level 4.7 Dodging
 + Level 3.6 Stealth
 + Level 3.3 Unarmed Combat
 - Level 2.0 Spellcasting
 - Level 3.6 Charms


You had 4 spell levels left.
You knew the following spells:

 Your Spells              Type           Power        Failure   Level  Hunger
a - Infusion              Chrm           ##..         5%          1    ##.....
b - Shroud of Golubria    Chrm/Tloc      #.....       17%         2    ###....

Your spell library contained the following spells:

 Spells                   Type           Power        Failure   Level  Hunger
 Song of Slaying          Chrm           ##......     9%          2    ###....
 Ozocubu's Armour         Chrm/Ice       #.......     34%         3    ####...
 Spectral Weapon          Hex/Chrm       Unusable     N/A         3    N/A

Dungeon Overview and Level Annotations

Branches:
Dungeon (5/15)             Temple (1/1) D:4

Altars:
Ashenzari
Cheibriados
Dithmenos
Elyvilon
Fedhas
Gozag
Hepliaklqana
Kikubaaqudgha
Nemelex Xobeh
Okawaru
Qazlal
Ru
Sif Muna
Trog
Uskayaw
Vehumet
Wu Jian
Xom
Yredelemnul
Zin
The Shining One

Shops:
D:4 (

Annotations:
D:3 1 runed translucent door, Crazy Yiuf, Ijyb, Robin


Innate Abilities, Weirdness & Mutations

You cannot wear armour.
You are incapable of wielding weapons or throwing items.
Your paws allow you to move quietly. (Stealth)
You have sharp claws.
You have razor-sharp teeth.
You have supernaturally acute eyesight. (SInv)
You are carnivorous and can eat meat at any time.
You cover ground quickly.
You are covered in fur. (AC +1)
You have a slow metabolism.
Your sharp claws are effective at attacking unaware monsters.


Message History

You kill the hobgoblin!
The goblin shoots a stone.
The stone hits you. Robin throws the goblin at you!
You see here a +0 club.
You closely miss the goblin.
The goblin unwields a +0 hunting sling.
The goblin wields a +2 dagger of electrocution.
You hear the crackle of electricity.
The goblin barely misses you.
You scratch the goblin.
You kill the goblin!
Robin hits you with a +0 mace.
You scratch Robin but do no damage. Your bite misses Robin. You scratch Robin!
Robin is heavily wounded.
Robin misses you.
You can now pass through a line of other dancers.
You closely miss Robin.
Robin is heavily wounded.
Robin zaps a wand.
The puff of flame hits you!
You die...

.......# ##...##
######.###.....##### ###
#### #.##........#.. ..#
.).###.#.........#.# #.#
##...............#.# #.#
######.....g.....#.###.# .
...........(...(...#.#
#######........#g#.#.#.# ##
##.#....##@#.#.#.##### .#
#.#.#####)#.........# )#
#.#.......###.#####.# .#
##'#######.###...# #o# .#
##...##.........#.# #.# )#
##o......≈≈≈≈≈...#.# #.# .#
##..o...≈≈≈≈≈≈≈≈≈...###.#
.###.......≈≈≈≈≈≈≈≈≈≈≈.....#
..........≈≈≈≈≈≈≈≈≈≈≈≈≈..###


You could see Robin.

Vanquished Creatures
  2 hounds (D:4)
  An iguana (D:4)
  An orc wizard (D:4)
  A worker ant (D:4)
  3 adders
  A shadow imp (D:3)
  An ooze (D:4)
  4 worms
  4 leopard geckos
  2 orcs (D:4)
  3 giant cockroaches
  10 goblins
  10 hobgoblins
  3 jackals (D:4)
  2 quokkas
  11 bats
  3 frilled lizards (D:3)
  4 kobolds
  3 rats
69 creatures vanquished.

Notes
Turn   | Place    | Note
-------+----------+-------------------------------------------
     0 | D:1      | MisterFreud the Felid Skald began the quest for the Orb.
     0 | D:1      | Reached XP level 1. HP: 9/9 MP: 4/4
   764 | D:1      | Reached XP level 2. HP: 13/13 MP: 0/6
  1598 | D:2      | Learned a level 2 spell: Shroud of Golubria
  2518 | D:2      | Reached XP level 3. HP: 17/17 MP: 7/7
  3377 | D:3      | Noticed Robin
  3421 | D:3      | Reached skill level 1 in Stealth
  3421 | D:3      | Reached XP level 4. HP: 15/22 MP: 8/8
  4072 | D:3      | Noticed Ijyb
  4077 | D:3      | Found a glowing silver altar of Zin.
  4109 | D:3      | HP: 1/22 [shadow imp (6)]
  4516 | D:3      | Found a runed translucent door.
  4517 | D:3      | Noticed Crazy Yiuf
  4995 | D:4      | Noticed a phantom
  5043 | D:4      | Found a staircase to the Ecumenical Temple.
  5145 | Temple   | Entered the Ecumenical Temple
  5258 | Temple   | Became a worshipper of Uskayaw the Reveler
  5300 | D:4      | Noticed an ogre
  5318 | D:4      | Found Goapn's Weapon Emporium.
  5465 | D:4      | Reached * piety under Uskayaw
  5778 | D:5      | Entered Level 5 of the Dungeon
  5807 | D:4      | Reached XP level 5. HP: 25/25 MP: 3/9
  6096 | D:4      | Reached ** piety under Uskayaw
  6231 | D:4      | HP: 1/25 [worm (11)]
  6743 | D:4      | Slain by a hornet zombie
  6744 | D:4      | Reached XP level 4. HP: -3/22 MP: 4/8
  6848 | D:3      | Killed from afar by Robin

Levels and vault maps discovered:
D:1:      minmay_arrival_up_and_down, layout_rooms, minmay_vboxes
D:2:      layout_loops_corners, minmay_tromino_mix6
D:3:      layout_loops_corners, lemuel_altar_in_water, uniq_robin,
          uniq_crazy_yiuf_cottage, uniq_ijyb
D:4:      layout_basic, minmay_temple_entry_mini_moons, serial_shops,
          kennysheep_little_box, first_ration
D:5:      layout_rooms, lemuel_doored_altar
Temple:   kilobyte_greek_temple

Skill      XL: |  1  2  3  4  5 |
---------------+----------------+-----
Fighting       | 3 4 |  4.0
Stealth        | 1 2 3 |  3.6
Dodging        | 4 |  4.7
Unarmed Combat | 3 |  3.3
Spellcasting   | |  2.0
Charms         | |  3.6

Action                   |  1- 3 |  4- 6 || total
-------------------------+-------+-------++-------
Melee: Unarmed           |   154 |   176 ||   330
       Bite              |     8 |     9 ||    17
       Punch             |     1 |       ||     1
 Cast: Infusion          |    15 |    13 ||    28
       Shroud of Golubri |    15 |    24 ||    39
Evoke: Wand              |       |     2 ||     2
  Use: Scroll            |     6 |     6 ||    12
       Potion            |     2 |     4 ||     6
 Stab: Sleeping          |     4 |     3 ||     7
  Eat: Chunk             |    14 |     8 ||    22
Armor: Skin              |    13 |     4 ||    17
Dodge: Dodged            |   110 |   146 ||   256

Table legend:
 A = Non-vault XP
 B = Vault XP
 C = Vault XP percentage of total XP
 D = Non-vault monster count
 E = Vault monster count
 F = Vault count percentage of total count
                 A         B        C        D         E       F
            +---------+---------+-------+---------+---------+-------
      Total |     337 |      27 |   7.4 |      55 |      14 |  20.3
            +---------+---------+-------+---------+---------+-------
        D:1 |      18 |       4 |  18.2 |       9 |       3 |  25.0
        D:2 |      35 |      11 |  23.9 |      15 |       4 |  21.1
        D:3 |      51 |      12 |  19.0 |      16 |       7 |  30.4
        D:4 |     233 |       0 |   0.0 |      15 |       0 |   0.0
            +---------+---------+-------+---------+---------+-------
